General information
- name: BNet
- type: Ladder team game (AT/RT)
- host: Battle.net
- saver: trainingfort
map: TwistedMeadows
- players: 4
- length: 19:19
- speed: Fast
- version: 1.24 W3XP
- replay type: Public
» download(147 KB)
Players
team 1 (loser)
RobiNGooD (
red | 155 APM | 2991 actions | 19:18)
3 Demon Hunter
2 Mana Burn
1 Evasion
3 Pandaren Brewmaster
2 Breath of Fire
1 Drunken Haze
» actions
| Assign group hotkey | 118 | |
| Basic commands | 120 | |
| Build / train | 91 | |
| ESC pressed | 1 | |
| Enter build submenu | 16 | |
| Enter hero's abilities submenu | 6 | |
| Give item / drop item | 4 | |
| Remove unit from queue | 2 | |
| Right click | 1416 | |
| Select / deselect | 516 | |
| Select group hotkey | 578 | |
| Use ability | 123 | |
2991 total
» units
| Wisp | 20 | |
| Archer | 7 | |
| Forest Troll Berserker | 4 | |
| Forest Troll Shadow Priest | 5 | |
| Dryad | 12 | |
| Ogre Mauler | 1 | |
| Goblin Shredder | 1 | |
| Mud Golem | 2 | |
52 total
» buildings
| Altar of Elders | 1 | |
| Moon Well | 6 | |
| Ancient of War | 2 | |
| Tree of Ages | 2 | |
| Hunter's Hall | 2 | |
| Ancient of Wonders | 2 | |
| Ancient of Lore | 2 | |
17 total
» build order
00:05 Altar of Elders
00:17 Moon Well
00:25 Ancient of War
01:39 Moon Well
02:07 Ancient of War
03:02 Tree of Ages
03:02 Tree of Ages
03:09 Moon Well
03:38 Hunter's Hall
04:12 Hunter's Hall
04:29 Ancient of Wonders
05:53 Ancient of Lore
06:14 Ancient of Lore
09:42 Moon Well
10:38 Ancient of Wonders
12:13 Moon Well
12:51 Moon Well
» items
| Moonstone | 5 | |
| Staff of Preservation | 2 | |
| Potion of Healing | 8 | |
| Lesser Clarity Potion | 2 | |
| Potion of Mana | 2 | |
| Potion of Lesser Invulnerability | 2 | |
| Scroll of Healing | 2 | |
23 total
OwnageTime (
purple | 151 APM | 2901 actions | 19:15)
4 Death Knight
2 Death Coil
2 Unholy Aura
3 Lich
2 Frost Nova
1 Frost Armor
2 Crypt Lord
1 Impale
1 Spiked Carapace
» actions
| Assign group hotkey | 34 | |
| Basic commands | 186 | |
| Build / train | 70 | |
| Enter build submenu | 10 | |
| Enter hero's abilities submenu | 9 | |
| Right click | 1039 | |
| Select / deselect | 464 | |
| Select group hotkey | 970 | |
| Use ability | 119 | |
2901 total
» units
| Acolyte | 5 | |
| Ghoul | 4 | |
| Crypt Fiend | 21 | |
| Abomination | 4 | |
| Obsidian Statue | 2 | |
36 total
» upgrades
» buildings
| Crypt | 1 | |
| Graveyard | 1 | |
| Ziggurat | 5 | |
| Altar of Darkness | 1 | |
| Tomb of Relics | 1 | |
| Nerubian Tower | 2 | |
| Halls of the Dead | 2 | |
| Black Citadel | 1 | |
| Slaughterhouse | 1 | |
15 total
» build order
00:09 Crypt
00:12 Graveyard
00:43 Ziggurat
00:53 Altar of Darkness
01:42 Tomb of Relics
01:48 Ziggurat
02:20 Nerubian Tower
02:20 Nerubian Tower
03:30 Halls of the Dead
03:31 Halls of the Dead
04:24 Ziggurat
05:55 Black Citadel
06:17 Ziggurat
06:19 Slaughterhouse
11:52 Ziggurat
» items
| Rod of Necromancy | 4 | |
| Potion of Mana | 1 | |
| Potion of Healing | 6 | |
| Scroll of Healing | 2 | |
| Scroll of Town Portal | 2 | |
| Dust of Appearance | 1 | |
16 total
team 2 (winner)
raYsis (
yellow | 123 APM | 2379 actions | 19:18)
5 Death Knight
3 Death Coil
1 Unholy Aura
1 Death Pact
4 Dark Ranger
2 Black Arrow
2 Silence
3 Lich
2 Frost Nova
1 Dark Ritual
» actions
| Assign group hotkey | 32 | |
| Basic commands | 2 | |
| Build / train | 53 | |
| Enter build submenu | 14 | |
| Enter hero's abilities submenu | 13 | |
| Give item / drop item | 3 | |
| Remove unit from queue | 2 | |
| Right click | 992 | |
| Select / deselect | 656 | |
| Select group hotkey | 522 | |
| Use ability | 90 | |
2379 total
» units
| Acolyte | 2 | |
| Ghoul | 3 | |
| Crypt Fiend | 11 | |
| Obsidian Statue | 1 | |
| Frost Wyrm | 2 | |
19 total
» upgrades
| Creature Attack | 2 | |
| Burrow | 1 | |
| Creature Carapace | 1 | |
| Web | 1 | |
| Destroyer Form | 1 | |
6 total
» buildings
| Crypt | 1 | |
| Graveyard | 1 | |
| Altar of Darkness | 1 | |
| Ziggurat | 6 | |
| Tomb of Relics | 1 | |
| Halls of the Dead | 1 | |
| Black Citadel | 1 | |
| Slaughterhouse | 1 | |
| Sacrificial Pit | 1 | |
| Boneyard | 1 | |
15 total
» build order
00:04 Crypt
00:09 Graveyard
00:29 Altar of Darkness
00:44 Ziggurat
01:21 Tomb of Relics
01:46 Ziggurat
03:29 Ziggurat
04:21 Halls of the Dead
06:11 Ziggurat
08:47 Black Citadel
10:12 Slaughterhouse
10:17 Sacrificial Pit
10:22 Ziggurat
11:01 Ziggurat
11:41 Boneyard
» items
| Rod of Necromancy | 2 | |
| Dust of Appearance | 1 | |
| Scroll of Town Portal | 2 | |
| Scroll of Healing | 2 | |
| Orb of Corruption | 1 | |
| Potion of Mana | 1 | |
9 total

»
trainingfort (
teal | 118 APM | 2279 actions | 19:19)
5 Priestess of the Moon
3 Trueshot Aura
2 Scout
» actions
| Assign group hotkey | 83 | |
| Basic commands | 50 | |
| Build / train | 62 | |
| ESC pressed | 2 | |
| Enter build submenu | 13 | |
| Enter hero's abilities submenu | 5 | |
| Give item / drop item | 1 | |
| Right click | 962 | |
| Select / deselect | 689 | |
| Select group hotkey | 366 | |
| Use ability | 44 | |
2279 total
» units
» upgrades
| Ultravision | 1 | |
| Strength of the Moon | 1 | |
2 total
» buildings
| Altar of Elders | 1 | |
| Moon Well | 6 | |
| Hunter's Hall | 1 | |
| Ancient of War | 3 | |
| Tree of Life | 1 | |
12 total
» build order
00:04 Altar of Elders
00:17 Moon Well
01:42 Hunter's Hall
01:49 Ancient of War
02:04 Moon Well
02:29 Ancient of War
03:06 Ancient of War
03:30 Moon Well
06:12 Moon Well
11:35 Tree of Life
16:21 Moon Well
16:21 Moon Well
» items
| Boots of Speed | 1 | |
| Scroll of Healing | 2 | |
| Potion of Lesser Invulnerability | 3 | |
| Scroll of Protection | 1 | |
7 total
Chat log
(00:07 / Allies) trainingfort: ,ass?
(00:12 / All) RobiNGooD: gl hf
(00:17 / Allies) raYsis: dunno
(00:23 / Allies) trainingfort: potm hunts dk fiends
(00:24 / Allies) trainingfort: t1
(04:39 / Allies) trainingfort: attack
(06:22 / Allies) trainingfort: ?
(06:25 / Allies) trainingfort: then rego
(10:03 / Allies) raYsis: b
(11:08 / Allies) raYsis: wood
(11:40 / Allies) trainingfort: or go?
(11:46 / Allies) raYsis: go
(12:29 / Allies) raYsis: gold
(13:55 / Allies) trainingfort: b
(15:40 / Allies) trainingfort: go
(19:14 / All) RobiNGooD: GG
(19:16 / Allies) trainingfort: g
(19:16 / All) raYsis: gg